[Event "Titled Tuesday Blitz July 27 2021"]
[White "Ahmadzada, Ahmad"]
[Black "Araujo Sanchez, Josue"]
[WhiteFideId "13413007"]
[BlackFideId "6416896"]
[WhiteElo "2226"]
[BlackElo "2181"]
[Result "1-0"]
[Round "11"]
[TimeControl "180+1"]
[Date "2021.07.27"]
[WhiteClock "0:00:06"]
[BlackClock "0:01:27"]

1. e4 d5 2. exd5 Qxd5 3. Nc3 Qd6 4. d4 Nf6 5. Nf3 a6 6. g3 b5 7. Bg2 Bb7 8. O-O e6 9. Bf4 Qb6 10. Ne5 Bd6 11. a4 Bxg2 12. Kxg2 b4 13. Qf3 Ra7 14. Ne4 Nxe4 15. Qxe4 Bxe5 16. dxe5 Qc6 17. Qxc6+ Nxc6 18. Rfd1 Ra8 19. Rd3 Rd8 20. Rad1 Rxd3 21. Rxd3 Ke7 22. Bg5+ f6 23. exf6+ gxf6 24. Bh4 Rd8 25. Rf3 Rf8 26. Rf4 e5 27. Rc4 Kd6 28. g4 Kd5 29. b3 Rf7 30. f3 f5 31. Bf2 fxg4 32. Rxg4 Rf4 33. Rg7 e4 34. fxe4+ Rxe4 35. Rd7+ Ke6 36. Rxc7 Kd6 37. Bg3+ Kd5 38. Rd7+ Kc5 39. Bf2+ Nd4 40. Rxh7 Kc6 41. Bxd4 Rxd4 42. Rf7 Rg4+ 43. Kf3 Rd4 44. Rf4 Rd2 45. Rc4+ Kd5 46. h4 Rh2 47. Kg4 a5 48. h5 Rg2+ 49. Kf5 Rg3 50. h6 Rf3+ 51. Kg5 Rg3+ 52. Rg4 Rh3 53. Kg6 Rh2 54. h7 Kc5 55. Rg5+ Kd4 56. Rh5 Rxc2 57. h8=Q+ Kd3 58. Rh3+ Kd2 59. Qd4+ Kc1 60. Rh1# 1-0


[Site "https://www.chess.com"]

[Event "Titled Tuesday Blitz July 27 2021"]
[White "Akhayan, Ruben"]
[Black "Manukyan, Artyom"]
[WhiteFideId "204439"]
[BlackFideId "13305786"]
[WhiteElo "2166"]
[BlackElo "2034"]
[Result "0-1"]
[Round "11"]
[TimeControl "180+1"]
[Date "2021.07.27"]
[WhiteClock "0:00:05"]
[BlackClock "0:00:37"]

1. d4 d5 2. c4 e6 3. Nc3 Nf6 4. Nf3 Be7 5. cxd5 exd5 6. Bg5 c6 7. e3 Bf5 8. Bxf6 Bxf6 9. Bd3 Bxd3 10. Qxd3 O-O 11. O-O Nd7 12. b4 a6 13. a4 b5 14. Rfc1 Be7 15. Rab1 Nb6 16. Ne5 Qd6 17. a5 Nc4 18. Nxc4 bxc4 19. Qf5 Rab8 20. e4 g6 21. Qf3 Rfd8 22. exd5 cxd5 23. b5 axb5 24. Nxb5 Qa6 25. Nc7 Rxb1 26. Rxb1 Qxa5 27. Nb5 Bf8 28. Nc3 Bg7 29. Rd1 Qa3 30. h4 h5 31. Qe3 Qb3 32. Rb1 Qc2 33. Rb7 Qf5 34. Qe7 Qf6 35. Qxf6 Bxf6 36. Ne2 Bxh4 37. g3 Bf6 38. Rb6 Kg7 39. Kf1 Rc8 40. Nc3 Bxd4 0-1


[Site "https://www.chess.com"]

[Event "Titled Tuesday Blitz July 27 2021"]
[White "Aldokhin, Ivan"]
[Black "DominikPedzich"]
[WhiteFideId "24115720"]
[WhiteElo "2306"]
[BlackElo "2406"]
[Result "1-0"]
[Round "11"]
[TimeControl "180+1"]
[Date "2021.07.27"]
[WhiteClock "0:00:05"]
[BlackClock "0:00:34"]

1. e4 c5 2. Nf3 e6 3. d4 cxd4 4. Nxd4 Nf6 5. Nc3 d6 6. g4 e5 7. Nf5 h5 8. g5 Nxe4 9. Nxg7+ Bxg7 10. Nxe4 d5 11. Ng3 Nc6 12. c3 h4 13. Nh5 Kf8 14. Nxg7 Kxg7 15. Qf3 Be6 16. Bh3 e4 17. Qg2 Ne5 18. O-O Nf3+ 19. Kh1 Qd7 20. Bxe6 Qxe6 21. Be3 h3 22. Qg3 Rh4 23. Rg1 Rc8 24. Rad1 Kg6 25. Bxa7 Ra8 26. Be3 Rxa2 27. c4 d4 28. Bxd4 Ra6 29. Be3 Qxc4 30. Rd8 Qe6 31. Rg8+ Kf5 32. g6 fxg6 33. Rf8+ Qf6 34. Qxg6+ Ke5 35. Rxf6 Rxf6 36. Qe8+ Kf5 37. Qd7+ Ke5 38. Qc7+ Kf5 39. Qd7+ Ke5 40. Bg5 Rg6 41. Qe8+ Kf5 42. Qf7+ 1-0


[Site "https://www.chess.com"]

[Event "Titled Tuesday Blitz July 27 2021"]
[White "Amburgy, Ryan"]
[Black "Walentukiewicz, Michal"]
[WhiteFideId "30924820"]
[BlackFideId "1126903"]
[WhiteElo "2066"]
[BlackElo "1974"]
[Result "1/2-1/2"]
[Round "11"]
[TimeControl "180+1"]
[Date "2021.07.27"]
[WhiteClock "0:00:10"]
[BlackClock "0:01:12"]

1. d4 g6 2. Nc3 Bg7 3. e4 c5 4. d5 d6 5. Nf3 Nf6 6. Bc4 O-O 7. O-O Na6 8. Re1 Nc7 9. h3 Rb8 10. Qe2 a6 11. a4 e5 12. dxe6 Bxe6 13. Bf4 b5 14. axb5 axb5 15. Bxe6 fxe6 16. Rad1 d5 17. exd5 exd5 18. Bxc7 Qxc7 19. Nxd5 Nxd5 20. Rxd5 Bxb2 21. Qe6+ Qf7 22. Rxc5 Qxe6 23. Rxe6 Rfc8 24. Rec6 Rxc6 25. Rxc6 b4 26. Kf1 Bc3 27. Ng5 Ra8 28. Ne4 Ra2 29. Nxc3 Rxc2 30. Rc8+ Kg7 31. Rc7+ Kh6 32. Nd5 b3 33. Rb7 b2 34. Nc3 Rxc3 35. Rxb2 Rc7 36. g4 Kg7 37. Kg2 Rf7 38. Kg3 Ra7 39. Rb3 Rd7 40. f4 Rf7 41. h4 Rd7 42. Kf3 Rf7 43. Re3 Ra7 44. g5 Rf7 45. Kg4 Ra7 46. h5 gxh5+ 47. Kxh5 Rf7 48. Re4 Ra7 49. f5 Kf7 50. f6 Ra1 51. Re7+ Kg8 52. Rg7+ Kh8 53. Kg4 Rg1+ 54. Kf5 Rf1+ 55. Ke6 Ra1 56. Rd7 Ra8 57. Ke7 Kg8 58. Rb7 Rf8 59. Ke6 Re8+ 60. Re7 Rf8 61. Kf5 Ra8 62. g6 Ra5+ 63. Ke6 Ra6+ 64. Kf5 Ra5+ 65. Kg4 hxg6 66. Rg7+ Kf8 67. Rxg6 Kf7 68. Rh6 Ra6 69. Kf5 Ra5+ 70. Kf4 Ra6 71. Rh7+ Kg6 72. Rg7+ Kxf6 73. Rg1 1/2-1/2


[Site "https://www.chess.com"]

[Event "Titled Tuesday Blitz July 27 2021"]
[White "Andreikin, Dmitry"]
[Black "Onyshchuk, Volodymyr"]
[WhiteFideId "4158814"]
[BlackFideId "14114038"]
[WhiteElo "2782"]
[BlackElo "2603"]
[Result "1-0"]
[Round "11"]
[TimeControl "180+1"]
[Date "2021.07.27"]
[WhiteClock "0:00:20"]
[BlackClock "0:00:05"]

1. Nf3 g6 2. e4 Bg7 3. d4 d6 4. Bc4 Nf6 5. Qe2 O-O 6. e5 dxe5 7. dxe5 Nd5 8. O-O Nb6 9. Rd1 Qe8 10. Bb3 Nc6 11. h3 Na5 12. Nc3 Bd7 13. Bf4 Nxb3 14. axb3 a6 15. Qe3 Bc6 16. Nd4 e6 17. Bg5 Bd5 18. Bf6 Rc8 19. Bxg7 Kxg7 20. Nce2 c5 21. Nf3 Qc6 22. Ng3 h6 23. c4 Bxf3 24. Rd6 Bxg2 25. Rxc6 Bxc6 26. Qxc5 Nd7 27. Qe3 Rfd8 28. Rd1 a5 29. Rd6 Nb8 30. Qf4 Rxd6 31. Qf6+ Kg8 32. exd6 Nd7 33. Qe7 Kg7 34. Ne2 Ne5 35. Nd4 Bd7 36. f4 Re8 37. Qh4 Nc6 38. Qf2 Ra8 39. Nxc6 Bxc6 40. Qb6 a4 41. d7 Bxd7 42. Qd4+ Kg8 43. Qxd7 axb3 44. Qxb7 Ra1+ 45. Kg2 1-0


[Site "https://www.chess.com"]

[Event "Titled Tuesday Blitz July 27 2021"]
[White "Arabidze, Meri"]
[Black "Gabrielian, Artur"]
[WhiteFideId "13604040"]
[BlackFideId "4131002"]
[WhiteElo "2432"]
[BlackElo "2523"]
[Result "0-1"]
[Round "11"]
[TimeControl "180+1"]
[Date "2021.07.27"]
[WhiteClock "0:00:07"]
[BlackClock "0:00:22"]

1. d4 Nf6 2. Nf3 g6 3. g3 Bg7 4. Bg2 O-O 5. O-O d6 6. a4 Re8 7. a5 Na6 8. Nc3 c5 9. dxc5 Nxc5 10. Nd4 a6 11. e4 Bg4 12. f3 Bd7 13. Be3 Rc8 14. Qd2 h5 15. Rfd1 h4 16. Nde2 hxg3 17. hxg3 Qc7 18. Nf4 Ne6 19. Bb6 Qc4 20. Bf1 Qb4 21. Nd3 Qc4 22. Nc5 Qb4 23. Nd3 Qc4 24. e5 Nh5 25. Nc5 Qxc5+ 26. Bxc5 Rxc5 27. f4 Nxg3 28. Bg2 Bh6 29. Nd5 Bc6 30. b4 Rc4 31. Qd3 Bb5 32. Qxg3 Nxf4 33. Nxf4 Bxf4 34. Qf3 Bxe5 35. Rf1 f5 36. Rae1 Bd4+ 37. Kh1 Kg7 38. Qxb7 Rh8+ 39. Bh3 Bc6+ 40. Qxc6 Rxc6 41. Rxe7+ Kf6 42. Rb7 Rxh3+ 43. Kg2 Rhc3 44. b5 Rxc2+ 45. Kh1 R6c3 46. bxa6 Rh3# 0-1


[Site "https://www.chess.com"]

[Event "Titled Tuesday Blitz July 27 2021"]
[White "Arkell, Keith C"]
[Black "LEGENYA1998"]
[WhiteFideId "400270"]
[WhiteElo "2398"]
[BlackElo "2381"]
[Result "1-0"]
[Round "11"]
[TimeControl "180+1"]
[Date "2021.07.27"]
[WhiteClock "0:00:39"]
[BlackClock "0:01:16"]

1. d4 Nf6 2. Nf3 e6 3. c4 Bb4+ 4. Bd2 Qe7 5. g3 b6 6. Bg2 Bb7 7. O-O Bxd2 8. Qxd2 Ne4 9. Qe3 f5 10. Nfd2 d5 11. Nc3 Nxc3 12. bxc3 Nd7 13. cxd5 Bxd5 14. c4 Bxg2 15. Kxg2 e5 16. dxe5 Qxe5 17. Qxe5+ Nxe5 18. c5 O-O-O 19. Nf3 Nxf3 20. Kxf3 bxc5 21. Rfc1 Rd5 22. Rc2 Re8 23. Rac1 Ree5 24. e3 Kd7 25. Rc4 Kd6 26. Ra4 g5 27. Ra6+ c6 28. Rxa7 Re7 29. Rxe7 Kxe7 30. Ke2 Kd7 31. Rc4 Kc7 32. h4 h6 33. hxg5 hxg5 34. g4 Kb6 35. a4 Ka5 36. gxf5 Rxf5 37. f3 Kb6 38. e4 Rf8 39. Ke3 Rf7 40. e5 Re7 41. Ke4 Re8 42. Kf5 Rf8+ 43. Kg4 Ka5 44. Rxc5+ Kxa4 45. Rxc6 Rf4+ 46. Kxg5 Rxf3 47. e6 Kb5 48. Rc1 Rf2 49. e7 Re2 50. Kf6 Rf2+ 51. Ke6 Re2+ 52. Kd7 Rd2+ 53. Ke8 Re2 54. Rf1 Kc6 55. Kf7 1-0


[Site "https://www.chess.com"]

[Event "Titled Tuesday Blitz July 27 2021"]
[White "Baker, Chris W"]
[Black "Ljukin, Sergei"]
[WhiteFideId "401676"]
[BlackFideId "14102200"]
[WhiteElo "2263"]
[BlackElo "2309"]
[Result "0-1"]
[Round "11"]
[TimeControl "180+1"]
[Date "2021.07.27"]
[WhiteClock "0:00:17"]
[BlackClock "0:01:15"]

1. e4 e6 2. Nf3 d5 3. Nc3 Nf6 4. e5 Nfd7 5. d4 c5 6. dxc5 Nc6 7. Bf4 Nxc5 8. Bd3 Be7 9. O-O g5 10. Bg3 h5 11. h4 gxh4 12. Bh2 Bd7 13. Nb5 Qb6 14. a4 O-O-O 15. a5 Nxa5 16. b4 Nxd3 17. bxa5 Qxb5 18. cxd3 d4 19. Nxd4 Qd5 20. Nb3 Rdg8 21. f3 h3 22. g3 h4 23. g4 Rxg4+ 24. Kh1 Bc6 25. Rc1 Kb8 26. d4 Rg3 27. Rxc6 Qxc6 28. d5 Qxd5 29. Qxd5 exd5 30. Bxg3 hxg3 31. Rg1 g2+ 32. Kh2 Bg5 0-1


[Site "https://www.chess.com"]

[Event "Titled Tuesday Blitz July 27 2021"]
[White "Baskin, Robert"]
[Black "Dolzhykova, Kateryna"]
[WhiteFideId "24662402"]
[BlackFideId "14113414"]
[WhiteElo "2462"]
[BlackElo "2151"]
[Result "1-0"]
[Round "11"]
[TimeControl "180+1"]
[Date "2021.07.27"]
[WhiteClock "0:01:05"]
[BlackClock "0:01:10"]

1. e4 c5 2. Nf3 Nc6 3. Bb5 g6 4. Bxc6 bxc6 5. O-O Bg7 6. Re1 e5 7. c3 d6 8. d4 cxd4 9. cxd4 Bg4 10. dxe5 dxe5 11. Qxd8+ Rxd8 12. Be3 Bxf3 13. gxf3 a6 14. Nd2 Ne7 15. Nc4 O-O 16. Bc5 Rd7 17. Rad1 Rfd8 18. Rxd7 Rxd7 19. Nb6 Rb7 20. Rd1 Bf6 21. Rd8+ Kg7 22. Rd7 Rxd7 23. Nxd7 Nc8 24. Nb8 a5 25. Nxc6 a4 26. b4 axb3 27. axb3 Bg5 28. b4 f5 29. b5 fxe4 30. fxe4 Bf4 31. Na7 Nxa7 32. Bxa7 Bd2 33. b6 Ba5 34. b7 Bc7 35. b8=Q Bxb8 36. Bxb8 Kf6 37. Kg2 h5 38. h4 g5 39. hxg5+ Kxg5 40. Bxe5 h4 41. Kh3 Kh5 42. f4 Kg6 43. Kxh4 Kf7 44. Kg5 Ke7 45. f5 Kf7 46. Bc3 Ke7 47. e5 Kf7 48. e6+ Ke7 49. Bb4+ Ke8 50. f6 Kd8 51. f7 Kc7 52. f8=Q Kc6 53. Qc5+ Kb7 54. e7 Ka6 55. Qc6+ Ka7 56. Bc5+ Kb8 57. e8=Q# 1-0


[Site "https://www.chess.com"]

[Event "Titled Tuesday Blitz July 27 2021"]
[White "Begmuratov, Khumoyun"]
[Black "Srihari L R"]
[WhiteFideId "14210207"]
[BlackFideId "46617116"]
[WhiteElo "1932"]
[BlackElo "2121"]
[Result "1-0"]
[Round "11"]
[TimeControl "180+1"]
[Date "2021.07.27"]
[WhiteClock "0:00:36"]
[BlackClock "0:00:03"]

1. e4 g6 2. d4 Bg7 3. c4 d6 4. Nc3 e5 5. d5 f5 6. exf5 Bxf5 7. g3 Nf6 8. Bg2 O-O 9. Nge2 Nbd7 10. O-O Nc5 11. Be3 a5 12. h3 Qd7 13. Kh2 Nd3 14. g4 Nxb2 15. Qb3 Bxg4 16. Qxb2 Bf5 17. Rfd1 b6 18. Ng3 Kh8 19. Qe2 Rae8 20. Nce4 Qe7 21. Bg5 Qd7 22. Rd3 Qa4 23. Nxf5 gxf5 24. Bxf6 Bxf6 25. Nxf6 Rxf6 26. Rg3 Ref8 27. Rg1 Qe8 28. Bf3 e4 29. Bh5 Qe5 30. Kh1 f4 31. Rg5 Qc3 32. Qg4 Qf3+ 33. Qxf3 exf3 34. Bxf3 a4 35. Be4 Rh6 36. Kh2 f3 37. Rg7 a3 38. Rxc7 Rh4 39. Bxf3 h6 40. Kg3 Rhf4 41. Bg4 Rxf2 42. Re1 h5 43. Ree7 h4+ 44. Kxh4 1-0


[Site "https://www.chess.com"]

[Event "Titled Tuesday Blitz July 27 2021"]
[White "Begunov, Konstantin"]
[Black "Stoyanov, Tsvetan"]
[WhiteFideId "4118510"]
[BlackFideId "2917173"]
[WhiteElo "2262"]
[BlackElo "2198"]
[Result "0-1"]
[Round "11"]
[TimeControl "180+1"]
[Date "2021.07.27"]
[WhiteClock "0:00:04"]
[BlackClock "0:00:20"]

1. d4 g6 2. c4 Bg7 3. Nc3 c5 4. Nf3 cxd4 5. Nxd4 Nc6 6. Nc2 Nf6 7. g3 O-O 8. Bg2 d6 9. O-O Be6 10. b3 a6 11. Bb2 Rc8 12. Ne3 Nd7 13. Qd2 Nc5 14. Ncd5 Bxb2 15. Qxb2 b5 16. Rac1 bxc4 17. Nxc4 Rb8 18. Rfd1 Bxd5 19. Bxd5 Nb4 20. Bf3 a5 21. Nxd6 exd6 22. Rxc5 dxc5 23. Rxd8 Rfxd8 24. a3 Na6 25. Qc3 Rd6 26. h4 h5 27. Kg2 Rbb6 28. Be4 Nc7 29. Qxc5 Ne6 30. Qxa5 Rxb3 31. a4 Rb2 32. Qe5 Rdd2 33. Bd3 Ra2 34. a5 Nf8 35. a6 Rxd3 36. exd3 Rxa6 37. d4 Re6 38. Qb5 Rd6 39. d5 Nd7 40. Qc4 Nf6 41. Qd4 Kg7 0-1


[Site "https://www.chess.com"]

[Event "Titled Tuesday Blitz July 27 2021"]
[White "Can, Emre"]
[Black "Babiy, Olga"]
[WhiteFideId "6302181"]
[BlackFideId "14117258"]
[WhiteElo "2503"]
[BlackElo "2230"]
[Result "0-1"]
[Round "11"]
[TimeControl "180+1"]
[Date "2021.07.27"]
[WhiteClock "0:00:42"]
[BlackClock "0:00:06"]

1. e4 e5 2. Nf3 d6 3. d4 exd4 4. Qxd4 Nf6 5. Nc3 Be7 6. Bf4 Nc6 7. Qd2 O-O 8. O-O-O Be6 9. Kb1 a6 10. h3 b5 11. g4 b4 12. Nd5 Nxe4 13. Qe3 Nc5 14. Nxe7+ Qxe7 15. Bg2 Rab8 16. Ng5 Na5 17. Rhe1 Qf6 18. Qd4 Qxd4 19. Rxd4 Rfe8 20. Rdd1 h6 21. Nxe6 Nxe6 22. Be3 Nc4 23. Bc1 Nc5 24. b3 Na3+ 25. Kb2 a5 26. c4 Rxe1 27. Rxe1 Nd3+ 28. Ka1 Nxe1 29. Bc6 Nec2+ 30. Kb2 Nd4 31. Bg2 a4 32. Be3 c5 33. Bf4 Rb6 34. Bd5 axb3 35. axb3 Ne6 36. Be3 Kf8 37. f4 Ke7 38. h4 Nc7 39. Be4 Rb8 40. f5 f6 41. Bc6 Kf7 42. Bf4 Ke7 43. g5 hxg5 44. hxg5 Rb6 45. Bf3 Rb8 46. g6 Rh8 47. Bc6 Rh4 48. Bg3 Rh3 49. Be1 Rh2+ 50. Kc1 Nc2 51. Bg3 Re2 52. Kd1 Nd4 53. Bb7 Re3 54. Bf2 Rxb3 55. Kd2 Rb2+ 0-1


[Site "https://www.chess.com"]

[Event "Titled Tuesday Blitz July 27 2021"]
[White "Chernobay, Artem"]
[Black "Hajiyeva, Laman"]
[WhiteFideId "4167406"]
[BlackFideId "13415875"]
[WhiteElo "2480"]
[BlackElo "1728"]
[Result "1-0"]
[Round "11"]
[TimeControl "180+1"]
[Date "2021.07.27"]
[WhiteClock "0:00:17"]
[BlackClock "0:00:14"]

1. d4 d5 2. c4 c6 3. Nf3 Nf6 4. Nc3 e6 5. Bg5 Be7 6. e3 O-O 7. Bd3 Nbd7 8. O-O dxc4 9. Bxc4 b5 10. Bd3 Bb7 11. e4 b4 12. Ne2 c5 13. e5 Nd5 14. Bxe7 Qxe7 15. Qd2 h6 16. Rac1 Rac8 17. Rfe1 a5 18. Ng3 cxd4 19. Rxc8 Rxc8 20. Ne4 Rc7 21. Bb1 a4 22. Qxd4 Ba6 23. Nd6 f6 24. Qe4 Nf8 25. Nh4 fxe5 26. Nhf5 Qf6 27. Ng3 Nf4 28. Ne8 Qd8 29. Nxc7 Qxc7 30. Qxe5 Qc4 31. Qe4 Qc7 32. Qxb4 Bd3 33. Qxa4 Bxb1 34. Rxb1 h5 35. h4 N8g6 36. Rd1 Nxh4 37. Qe8+ Kh7 38. Nxh5 Qb7 39. Nxf4 e5 40. Qh5+ 1-0


[Site "https://www.chess.com"]

[Event "Titled Tuesday Blitz July 27 2021"]
[White "Chernomordik, Pavel"]
[Black "Deviprasath, Sharvesh"]
[WhiteFideId "2804530"]
[BlackFideId "30938228"]
[WhiteElo "2273"]
[BlackElo "2102"]
[Result "0-1"]
[Round "11"]
[TimeControl "180+1"]
[Date "2021.07.27"]
[WhiteClock "0:00:09"]
[BlackClock "0:00:07"]

1. e4 e5 2. Nf3 Nc6 3. Bb5 a6 4. Ba4 d6 5. c3 f5 6. exf5 Bxf5 7. d4 e4 8. d5 exf3 9. Qxf3 Qe7+ 10. Be3 Be4 11. Qh3 b5 12. Bb3 Ne5 13. O-O Nf6 14. Bg5 Bxb1 15. Raxb1 h6 16. f4 Ng6 17. Rbe1 hxg5 18. Qf5 Nxf4 19. Rxe7+ Kxe7 20. Qxg5 Ne2+ 21. Kf2 Rh5 22. Qg6 Nf4 23. Re1+ Kd7 24. Qf7+ Kc8 25. Qxf8+ Kb7 26. Qxg7 Rf5 27. Kg1 Rg8 28. Qh6 Nxg2 29. Re8 Ne3+ 30. Rxg8 Rf1# 0-1


[Site "https://www.chess.com"]

[Event "Titled Tuesday Blitz July 27 2021"]
[White "Damjanovic, Vladimir"]
[Black "Potapova, Margarita"]
[WhiteFideId "903795"]
[BlackFideId "14126869"]
[WhiteElo "2374"]
[BlackElo "2229"]
[Result "0-1"]
[Round "11"]
[TimeControl "180+1"]
[Date "2021.07.27"]
[WhiteClock "0:00:01"]
[BlackClock "0:00:14"]

1. d4 Nf6 2. Nc3 d5 3. Bf4 c5 4. e3 cxd4 5. exd4 a6 6. Nf3 Nc6 7. Ne5 e6 8. Nxc6 bxc6 9. Na4 Bd6 10. Bxd6 Qxd6 11. Be2 O-O 12. O-O Nd7 13. Qd3 c5 14. Qa3 Rb8 15. b3 Qf4 16. dxc5 Nf6 17. Qc1 Qc7 18. Qe3 e5 19. f4 e4 20. c4 Bd7 21. Nc3 dxc4 22. Bxc4 a5 23. Rad1 Bg4 24. Rd6 Bf5 25. h3 h5 26. Rxf6 gxf6 27. Nd5 Qd8 28. Qg3+ Kh8 29. Qh4 Rg8 30. Nxf6 Bh7 31. Bxf7 Rf8 32. Qg5 Rxf7 33. Nxh7 Qd4+ 34. Kh2 Rxh7 35. c6 Rg8 36. Qf5 Qb2 37. Rg1 Qc3 38. Qxe4 Qg3+ 39. Kh1 Rhg7 40. Qd5 Qg6 41. Qxa5 Kh7 42. Qc5 Rc7 0-1


[Site "https://www.chess.com"]

[Event "Titled Tuesday Blitz July 27 2021"]
[White "Dang, Hoang Son"]
[Black "Moon_stone123"]
[WhiteFideId "12402435"]
[WhiteElo "2248"]
[BlackElo "2416"]
[Result "1-0"]
[Round "11"]
[TimeControl "180+1"]
[Date "2021.07.27"]
[WhiteClock "0:02:25"]
[BlackClock "0:02:05"]

1. d4 d5 2. c4 dxc4 3. Nf3 Nf6 4. g3 b6 5. Bg2 Bb7 6. O-O e6 7. Qa4+ Nbd7 8. Qxc4 Be7 9. Nc3 O-O 10. Bf4 Rc8 11. Rfd1 Ne4 12. Ne5 Nd6 13. Qa4 Bxg2 14. Kxg2 Nxe5 15. dxe5 Qe8 16. exd6 1-0


[Site "https://www.chess.com"]

[Event "Titled Tuesday Blitz July 27 2021"]
[White "Demchenko, Anton"]
[Black "Salinas Herrera, Pablo"]
[WhiteFideId "4160258"]
[BlackFideId "3407128"]
[WhiteElo "2593"]
[BlackElo "2541"]
[Result "1-0"]
[Round "11"]
[TimeControl "180+1"]
[Date "2021.07.27"]
[WhiteClock "0:00:26"]
[BlackClock "0:00:18"]

1. e4 e5 2. Nf3 Nc6 3. Bc4 Bc5 4. d3 Nf6 5. Bg5 h6 6. Bh4 O-O 7. c3 Be7 8. Nbd2 d6 9. Bg3 Na5 10. Bb5 a6 11. Ba4 b5 12. Bc2 Bb7 13. O-O Nh5 14. b4 Nc6 15. Nxe5 dxe5 16. Qxh5 a5 17. a3 Qd6 18. Nf3 Qe6 19. Rab1 axb4 20. Bb3 Qf6 21. axb4 Bd6 22. Bh4 g5 23. Bg3 Kg7 24. h4 Qg6 25. Qxg6+ Kxg6 26. hxg5 hxg5 27. Bd5 f6 28. d4 exd4 29. Bxd6 cxd6 30. cxd4 g4 31. Nh4+ Kg5 32. Nf5 Nd8 33. f4+ gxf3 34. Bxb7 Nxb7 35. Rxf3 Rh8 36. Rbf1 Kg6 37. Rg3+ 1-0


[Site "https://www.chess.com"]

[Event "Titled Tuesday Blitz July 27 2021"]
[White "Demeter, Dorina"]
[Black "Primbetov, Kazbek"]
[WhiteFideId "778079"]
[BlackFideId "13702297"]
[WhiteElo "1904"]
[BlackElo "2184"]
[Result "0-1"]
[Round "11"]
[TimeControl "180+1"]
[Date "2021.07.27"]
[WhiteClock "0:00:02"]
[BlackClock "0:01:34"]

1. Nf3 Nf6 2. c4 g6 3. Nc3 Bg7 4. e4 d6 5. d4 O-O 6. h3 e5 7. d5 a5 8. Be3 Na6 9. g4 Nc5 10. Nd2 h5 11. Be2 c6 12. gxh5 Nxh5 13. Bxh5 gxh5 14. Qxh5 f5 15. Bxc5 dxc5 16. O-O-O cxd5 17. Nxd5 b5 18. cxb5 Bd7 19. Nc4 Bxb5 20. Nc3 Qe8 21. Qe2 Ba6 22. exf5 Rxf5 23. Qe4 Rf4 24. Qd5+ Kh8 25. Nd6 Qf8 26. Nce4 Be2 27. Rdg1 Bf3 28. Rh2 Rd8 29. Rg6 Bxe4 30. Rh6+ Bxh6 31. Qxe5+ Bg7 32. Qh5+ Bh7 33. Qg5 Rxd6 34. Rg2 Rc4# 0-1


[Site "https://www.chess.com"]

[Event "Titled Tuesday Blitz July 27 2021"]
[White "Diaz Perez, Michel Alejandro"]
[Black "Carroll, Thomas"]
[WhiteFideId "3517179"]
[BlackFideId "450111"]
[WhiteElo "2337"]
[BlackElo "1950"]
[Result "1-0"]
[Round "11"]
[TimeControl "180+1"]
[Date "2021.07.27"]
[WhiteClock "0:00:53"]
[BlackClock "0:00:24"]

1. d4 Nf6 2. c4 c5 3. e3 g6 4. Nc3 Bg7 5. d5 e6 6. Nf3 exd5 7. cxd5 O-O 8. Be2 d6 9. O-O Bg4 10. Nd2 Bxe2 11. Qxe2 Nbd7 12. e4 Re8 13. Re1 a6 14. a4 Qc7 15. Qf1 Rac8 16. Nc4 Ne5 17. Nxe5 Rxe5 18. Bf4 Ree8 19. h3 Nh5 20. Bh2 Be5 21. f4 Bd4+ 22. Kh1 f5 23. g4 Ng7 24. Qf3 Qd7 25. e5 fxg4 26. Qxg4 Nf5 27. e6 Qe7 28. Ne4 b5 29. axb5 axb5 30. Ra5 b4 31. Bg1 Bxb2 32. Bf2 Bd4 33. Bxd4 cxd4 34. Rg1 Rc2 35. Qxf5 Qg7 36. Nf6+ Kh8 37. Nxe8 gxf5 38. Nxg7 h6 39. Nxf5 Rc8 40. Nxd6 Rb8 41. Nf7+ Kh7 42. d6 b3 43. Rh5 1-0


[Site "https://www.chess.com"]

[Event "Titled Tuesday Blitz July 27 2021"]
[White "Do Valle Cardoso, Lucas"]
[Black "Nefedov, Sergey"]
[WhiteFideId "2163144"]
[BlackFideId "24113417"]
[WhiteElo "2387"]
[BlackElo "2385"]
[Result "1-0"]
[Round "11"]
[TimeControl "180+1"]
[Date "2021.07.27"]
[WhiteClock "0:00:05"]
[BlackClock "0:00:01"]

1. e4 d5 2. exd5 Qxd5 3. Nc3 Qd8 4. d4 Nf6 5. Nf3 g6 6. Bc4 Bg7 7. h3 O-O 8. O-O a6 9. Qe2 b5 10. Bb3 Bb7 11. Rd1 e6 12. Bg5 h6 13. Bh4 g5 14. Bg3 Nd5 15. Nxd5 Bxd5 16. c3 Nd7 17. Bc2 Re8 18. a4 c6 19. Ne5 f5 20. Nxd7 Qxd7 21. Be5 Bf8 22. b3 c5 23. dxc5 Qb7 24. axb5 axb5 25. Rxa8 Rxa8 26. Bd4 Qc6 27. Bd3 Bxc5 28. Bxb5 Qb6 29. b4 Bxd4 30. Rxd4 Ra1+ 31. Kh2 Qc7+ 32. f4 gxf4 33. Qf2 Qxc3 34. Qxf4 Kg7 35. Qe5+ Kf7 36. Rxd5 Qxe5+ 37. Rxe5 Rb1 38. Bc4 Rxb4 39. Rxf5+ Ke7 40. Rf4 e5 41. Re4 Kf6 42. Bd3 Rb3 43. Bc2 Rc3 44. Re2 Rc5 45. Be4 h5 46. h4 Ke6 47. g3 Rc4 48. Kh3 Kd6 49. Rd2+ Ke7 50. Re2 Kf6 51. g4 Rc3+ 52. Kg2 hxg4 53. Rf2+ Kg7 54. Rf5 Re3 55. Rxe5 Kf6 56. Rf5+ Ke6 57. Rf4 g3 58. Bf3 Ke5 59. Rg4 Rd3 60. Kxg3 Kf5 61. Rg5+ Kf6 62. Rg4 Rd2 63. h5 Rd3 64. h6 Rd7 65. h7 1-0


[Site "https://www.chess.com"]

[Event "Titled Tuesday Blitz July 27 2021"]
[White "Dushyant Sharma"]
[Black "Lodici, Lorenzo"]
[WhiteFideId "25065130"]
[BlackFideId "884189"]
[WhiteElo "2019"]
[BlackElo "2265"]
[Result "0-1"]
[Round "11"]
[TimeControl "180+1"]
[Date "2021.07.27"]
[WhiteClock "0:00:11"]
[BlackClock "0:00:14"]

1. e4 e5 2. Nf3 Nc6 3. Nc3 Nf6 4. Bb5 Bd6 5. d3 a6 6. Ba4 b5 7. Bb3 Na5 8. Bg5 h6 9. Bh4 Nxb3 10. axb3 Bb7 11. h3 c5 12. Qd2 Qe7 13. Ne2 Qe6 14. Ng3 g5 15. Nf5 Bf8 16. Nxg5 hxg5 17. Qxg5 Ng8 18. g3 Qg6 19. Qe3 f6 20. f4 d6 21. fxe5 fxe5 22. b4 Nh6 23. O-O Nf7 24. bxc5 dxc5 25. Kh2 Qe6 26. b4 cxb4 27. d4 Rc8 28. d5 Rxc2+ 29. Kg1 Qc8 30. Rac1 Bc5 31. Ng7+ Kf8 32. Ne6+ Qxe6 33. Qxc5+ Rxc5 34. dxe6 Rxc1 35. Rxc1 Nd6 36. Rd1 Ne8 37. Rd7 Bxe4 38. Be7+ Kg8 39. Bxb4 Bf5 40. Re7 Ng7 41. Bc3 Nxe6 42. Bxe5 Rxh3 43. Ra7 Rh7 44. Rxa6 Rb7 45. Ra8+ Kf7 46. Ra2 b4 47. Rf2 Kg6 48. Kg2 b3 49. Kf3 Nc5 50. g4 Be6 51. Ke3 Rf7 52. Rb2 Na4 53. Rb1 Rb7 54. Kd2 Bxg4 55. Rg1 Kf5 56. Kc1 Kxe5 57. Rxg4 b2+ 58. Kc2 b1=Q+ 0-1


[Site "https://www.chess.com"]

[Event "Titled Tuesday Blitz July 27 2021"]
[White "Estrada Nieto, Julian"]
[Black "Gasanov, Zaur"]
[WhiteFideId "5101018"]
[BlackFideId "34125970"]
[WhiteElo "2270"]
[BlackElo "2099"]
[Result "1-0"]
[Round "11"]
[TimeControl "180+1"]
[Date "2021.07.27"]
[WhiteClock "0:00:17"]
[BlackClock "0:00:02"]

1. e4 c6 2. d4 d5 3. exd5 cxd5 4. c3 Nc6 5. Bd3 Nf6 6. Bf4 Qb6 7. Qb3 Qxb3 8. axb3 g6 9. Nf3 Bf5 10. Bxf5 gxf5 11. b4 b6 12. Nbd2 e6 13. Ne5 Nxe5 14. Bxe5 Be7 15. Ke2 Rg8 16. Bxf6 Bxf6 17. g3 h5 18. Ra6 h4 19. Rha1 f4 20. Kf3 fxg3 21. fxg3 Bg5 22. Nf1 Rg6 23. Rxa7 Rf6+ 24. Ke2 Rxa7 25. Rxa7 Rf5 26. Rb7 Bd8 27. Ne3 Rg5 28. Kf3 h3 29. g4 f5 30. gxf5 exf5 31. Rh7 Rg1 32. Rxh3 Rb1 33. Nxd5 Rxb2 34. Rh5 Rc2 35. Ke3 Rg2 36. c4 Bg5+ 37. Kf3 Rg1 38. h4 Bd8 39. Rxf5 Bxh4 40. Nxb6 Rg3+ 41. Ke4 Rg4+ 42. Kd5 Be7 43. c5 Kd8 44. Re5 Bf6 45. Re4 Rg5+ 46. Ke6 Bh8 47. d5 Rg6+ 48. Kf7 Rf6+ 49. Kg8 Rh6 50. d6 Bc3 51. Nd5 1-0


[Site "https://www.chess.com"]